 Dungeon Crawl Stone Soup version 0.31-a0-542-gdc2a67831c (webtiles) character file.

Game seed: 3948865066632045231

5079 avis the Mimic (level 10, -6/92 HPs)
             Began as a Demigod Shapeshifter on Aug 14, 2023.
             Killed by the air
             ... invoked by Gastronok
              (19 damage)
             ... on level 8 of the Dungeon on Aug 15, 2023.
             The game lasted 00:49:52 (9385 turns).

avis the Mimic (Demigod Shapeshifter)               Turns: 9385, Time: 00:49:53

Health: -6/92      AC:  9    Str: 31    XL:     10   Next: 10%
Magic:  13/13      EV: 12    Int: 10    God:
Gold:   405        SH:  0    Dex: 22    Spells: 9/9 levels left

rFire   . .          .
                       - Unarmed
rCold   . . .        (shield currently unavailable)
rNeg    . . .        N - melded +0 steam dragon scales
rPois   .            r - melded +0 helmet
rElec   .            k - melded scarf {harm}
rCorr   .            f - melded +0 pair of gloves
SInv    .            (boots currently unavailable)
Will    +....        (no amulet)
Stlth   ++           h - +6 ring of strength
HPRegen 0.35/turn    F - +4 ring of slaying
MPRegen 0.13/turn

%: no passive effects
@: snake-form
A: constrict, boosted hp, large, high MP 1, forlorn, divine attributes
a: Begin Untransformation


You were on level 8 of the Dungeon.
You were an enormous anaconda.
You visited 2 branches of the dungeon, and saw 9 of its levels.

You collected 405 gold pieces.

Inventory:

Hand Weapons
 v - a +4 flail of protection
 w - a +2 whip of venom
 H - a +0 arbalest
Missiles
 b - 4 atropa-tipped darts
 p - 60 stones
 u - 3 boomerangs
 I - 7 poisoned darts
Armour
 f - a +0 pair of gloves (melded)
 k - a scarf of harm (melded)
 r - a +0 helmet (melded)
 t - a +0 ring mail
 N - +0 steam dragon scales (melded)
Magical Staves
 J - a staff of conjuration
Jewellery
 a - a ring of resist corrosion
 g - a +6 ring of strength
 h - a +6 ring of strength (left hand)
 x - a ring of see invisible
 F - a +4 ring of slaying (right hand)
Talismans
 c - a beast talisman
 d - a flux talisman
 o - a serpent talisman (active)
 y - a maw talisman
Wands
 j - a wand of digging (8)
 B - a wand of charming (7) (quivered)
 L - a wand of flame (15)
 M - a wand of quicksilver (7)
Scrolls
 i - a scroll of noise {unknown}
 l - a scroll of amnesia {unknown}
 m - 2 scrolls of immolation {unknown}
 n - a scroll of fear {unknown}
 q - 3 scrolls of enchant weapon {unknown}
 A - 2 scrolls of teleportation {unknown}
 E - a scroll of enchant armour {unknown}
 G - a scroll of brand weapon {unknown}
Potions
 e - a potion of brilliance
 s - 3 potions of mutation
 z - 4 potions of enlightenment
 C - 2 potions of curing


   Skills:
 - Level 3.0 Fighting
 - Level 4.0 Dodging
 + Level 8.2 Unarmed Combat
 * Level 9.5 Shapeshifting


You had 9 spell levels left.
You didn't know any spells.
Your spell library contained the following spells:

 Spells                   Type           Power      Damage    Failure   Level
 Foxfire                  Conj/Fire      0%         2x1d4     36%         1
 Stone Arrow              Conj/Erth      0%         3d7       75%         3
 Animate Armour           Summ/Erth      0%         N/A       98%         4
 Petrify                  Tmut/Erth      0%         N/A       98%         4
 Yara's Violent Unravell  Hex/Tmut       0%         3d3       100%        5
 Lehudib's Crystal Spear  Conj/Erth      0%         10d2      100%        8
 Fire Storm               Conj/Fire      0%         5d1       100%        9


Dungeon Overview and Level Annotations

Branches:
Dungeon (8/15)             Temple (1/1) D:6
   Lair: D:8-11

Annotations:
D:5 Glass case
D:8 Gastronok


Innate Abilities, Weirdness & Mutations

You are an enormous anaconda.
You have a powerful constriction melee attack.
Your maximum health is increased.
Your armour is entirely melded.
You are incapable of wielding weapons or throwing items.
You have an increased reservoir of magic. (+10% MP)
You shall have no god before yourself.
Your divine heritage dramatically boosts your attributes as you level up.


Message History

You kill the yak!
Gastronok closely misses you.
Items here: ))) [ ††††.
You body-slam Gastronok!!
Gastronok is lightly wounded.
You body-slam Gastronok!!
Gastronok is moderately wounded.
Gastronok bites you!!
You body-slam Gastronok!!
Gastronok is heavily wounded.
You lash Gastronok!
Gastronok is heavily wounded.
Gastronok waves his eye-stalks in wide circles.
The air twists around and strikes you!
* * * LOW HITPOINT WARNING * * *
You lash Gastronok!
Gastronok is severely wounded.
You are confused.
You feel invigorated.
You see here a +0 flail.
You bump into the rock wall.
You bump into the rock wall.
You feel less invigorated.
You feel less confused.
Gastronok waves his eye-stalks in wide circles.
The air twists around and strikes you!
* * * LOW HITPOINT WARNING * * *
You completely miss Gastronok.
Gastronok is severely wounded.
You hit Gastronok.
Gastronok is severely wounded.
Gastronok waves his eye-stalks in wide circles.
The air twists around and strikes you!
* * * LOW HITPOINT WARNING * * *
You lash Gastronok!
Gastronok is severely wounded.
You body-slam Gastronok!!
Gastronok is almost dead.
Gastronok waves his eye-stalks in wide circles.
The air twists around and strikes you!!
You die...

... .[# ... #.# ##.##
... #.# #)# #.# ### #w#
# ..# #.. #S##.# #
###.## #.# #.##.#.# .
.... ... #.##.#.# #
#..# #.# #.##.#.# #
#..# #.# #.##.#.# #
#..# #.# #.##.#.#
#####<.####.####.##.#.#
....................#.#
..###.................#


You could see Gastronok.

Vanquished Creatures
  Pikel (D:3)
  Prince Ribbit (D:6)
  Sigmund (D:6)
  5 yaks (D:8)
  Eustachio (D:6)
  2 steam dragons
  Menkaure (D:4)
  Edmund (D:6)
  A water moccasin (D:6)
  A black bear (D:8)
  2 ice beasts
  3 ogres
  2 lemures
  Blork the orc (D:6)
  A kobold brigand (D:8)
  A bullfrog (D:7)
  4 scorpions
  5 wights (D:7)
  10 killer bees
  3 howler monkeys (D:7)
  2 jellies (D:7)
  2 gnoll boudas (D:7)
  4 hounds
  5 sleepcaps
  Natasha (thrice) (D:3)
  2 iguanas (D:5)
  6 orc wizards
  7 adders
  19 gnolls
  2 shadow imps (D:5)
  A white imp (D:8)
  A worm (D:3)
  3 dart slugs
  19 orcs
  8 ball pythons
  4 endoplasms
  4 giant cockroaches
  7 goblins
  4 hobgoblins
  12 jackals
  8 kobolds
  2 quokkas
  3 bats
  4 frilled lizards
  4 rats (D:2)
183 creatures vanquished.

Notes
Turn   | Place    | Note
-------+----------+-------------------------------------------
     0 | D:1      | avis the Demigod Shapeshifter began the quest for the Orb.
     0 | D:1      | Reached XP level 1. HP: 15/15 MP: 3/3
   150 | D:1      | Reached skill level 1 in Fighting
   389 | D:1      | Reached XP level 2. HP: 23/23 MP: 4/4
   535 | D:1      | Reached skill level 3 in Shapeshifting
   631 | D:1      | Upgraded the game from 0.31-a0-538-gbc85326fa9 to
                  | 0.31-a0-542-gdc2a67831c
   889 | D:2      | Reached XP level 3. HP: 28/28 MP: 5/5
  1167 | D:2      | Got the Omnibus of Changed Pyromancy
  1589 | D:2      | Reached XP level 4. HP: 30/35 MP: 6/6
  2275 | D:3      | Reached XP level 5. HP: 40/40 MP: 7/7
  2295 | D:3      | Reached skill level 4 in Shapeshifting
  2942 | D:3      | Noticed Natasha
  2950 | D:3      | Killed Natasha
  3202 | D:3      | Noticed Natasha
  3212 | D:3      | Killed Natasha
  3309 | D:3      | Noticed Natasha
  3327 | D:3      | Killed Natasha
  3418 | D:4      | Noticed Menkaure
  3425 | D:4      | Killed Menkaure
  3426 | D:4      | Reached XP level 6. HP: 47/47 MP: 8/8
  3942 | D:4      | Reached skill level 5 in Shapeshifting
  4031 | D:4      | Noticed Pikel
  4233 | D:3      | Reached XP level 7. HP: 40/55 MP: 9/9
  4425 | D:3      | Killed Pikel
  4426 | D:3      | Reached skill level 5 in Unarmed Combat
  4426 | D:3      | Reached skill level 6 in Shapeshifting
  4745 | D:5      | Entered Level 5 of the Dungeon
  4949 | D:5      | Reached XP level 8. HP: 58/61 MP: 10/10
  5932 | D:6      | Noticed Blork the orc
  6001 | D:6      | Killed Blork the orc
  6075 | D:6      | Noticed Sigmund
  6093 | D:6      | Killed Sigmund
  6094 | D:6      | Reached skill level 7 in Shapeshifting
  6166 | D:6      | Noticed Edmund
  6175 | D:6      | Killed Edmund
  6300 | D:6      | Noticed Prince Ribbit
  6300 | D:6      | Noticed Eustachio
  6319 | D:6      | Killed Prince Ribbit
  6322 | D:6      | Killed Eustachio
  6475 | D:6      | Reached XP level 9. HP: 21/67 MP: 11/11
  6660 | D:6      | Found a staircase to the Ecumenical Temple.
  6675 | Temple   | Entered the Ecumenical Temple
  6903 | D:7      | Reached skill level 8 in Shapeshifting
  8998 | D:8      | Reached skill level 9 in Shapeshifting
  9356 | D:8      | Reached XP level 10. HP: 61/77 MP: 13/13
  9367 | D:8      | Noticed Gastronok
  9385 | D:8      | Killed from afar by Gastronok

Illustrated notes

Levels and vault maps discovered:
D:1:      kennysheep_arrival_seaside, layout_basic, glass_columns_a
D:2:      minmay_recursive_quarters, layout_basic, kennysheep_generic_room_2
D:3:      layout_basic, st_stairs_12, grunt_decor_clamped,
          nicolae_underground_beach, uniq_natasha
D:4:      layout_cave_pools, uniq_menkaure, uniq_pikel
D:5:      layout_basic, nicolae_overflow_hallway_of_the_gods,
          due_unseen_surprise
D:6:      layout_rooms, minmay_temple_entry_junction_2,
          hangedman_abyss_or_decor_stabs, sigmund_edmund_badplayer,
          uniq_prince_ribbit1, uniq_blork_the_orc, uniq_eustachio
D:7:      layout_basic, ashenzari_altar_1, sigmund_army
D:8:      layout_basic, kennysheep_generic_room_15, uniq_maurice, uniq_gastronok
Temple:   nicolae_temple_god_jail

Skill      XL: |  1  2  3  4  5  6  7  8  9 |
---------------+----------------------------+-----
Fighting       | 1 2 3 |  3.0
Dodging        | 2 3 4 |  4.0
Shapeshifting  | 3 4 5 6 7 9 |  9.5
Unarmed Combat | 3 4 5 6 8 |  8.2

Action                     |  1- 3 |  4- 6 |  7- 9 | 10-12 || total
---------------------------+-------+-------+-------+-------++-------
  Melee: Unarmed           |    52 |   143 |   332 |    21 ||   548
         Punch             |     2 |     3 |       |       ||     5
         Constrict         |       |       |    16 |     4 ||    20
   Fire: Sling             |    74 |    58 |     2 |       ||   134
  Throw: Throwing net      |       |     3 |     1 |       ||     4
Ability: Begin Untransform |       |       |     1 |       ||     1
    Use: Potion            |       |     1 |     7 |     1 ||     9
         Scroll            |       |       |     9 |     1 ||    10
   Stab: Held in net/web   |       |       |     1 |       ||     1
 Armour: Animal skin       |     3 |       |       |       ||     3
         Scale mail        |    24 |     7 |       |       ||    31
         Ring mail         |       |    33 |    53 |       ||    86
         Skin              |       |     3 |    30 |     1 ||    34
  Dodge: Dodged            |    49 |    87 |   214 |     4 ||   354
   Form: Flux              |       |       |     2 |       ||     2
         Anaconda          |       |       |     2 |       ||     2
                           |       |       |     1 |       ||     1

Table legend: (Time is in decaauts)
 A = Elapsed time spent in this place.
 B = Non-inter-level travel time spent in this place.
 C = Inter-level travel time spent in this place.
 D = Time resting spent in this place.
 E = Time spent auto-exploring this place.
 F = Levels seen in this place.
 G = Mean time per level.
                   A        B        C        D        E       F      G
               +--------+--------+--------+--------+--------+-----+--------+
         Total |   9358 |   8586 |    772 |   2419 |   4170 |   9 | 1039.8 |
       Dungeon |   9339 |   8567 |    772 |   2419 |   4170 |   8 | 1167.4 |
        Temple |     18 |     18 |      0 |      0 |      0 |   1 |   18.0 |
               +--------+--------+--------+--------+--------+-----+--------+

Top non-repeatable levels by time:
     D:7: 2011 daAuts
     D:3: 1960 daAuts
     D:2: 1233 daAuts
     D:5: 1171 daAuts
     D:6: 937 daAuts
     D:1: 832 daAuts
     D:4: 784 daAuts
     D:8: 408 daAuts
  Temple: 18 daAuts
